 Dungeon Crawl Stone Soup version 0.31-a0-746-ge8284cb111 (webtiles) character file.

Game seed: 12262787890655414875

10732 Gargoyl the Cleaver (level 11, -1/72 HPs)
             Began as a Gargoyle Berserker on Sept 14, 2023.
             Was an Elder of Trog.
             Slain by a cane toad (8 damage)
             ... on level 1 of the Lair of Beasts.
             The game lasted 00:14:39 (8601 turns).

Gargoyl the Cleaver (Gargoyle Berserker)            Turns: 8601, Time: 00:14:40

Health: -1/72      AC: 22    Str: 22    XL:     11   Next: 66%
Magic:  11/11      EV: 11    Int:  7    God:    Trog [****..]
Gold:   24         SH:  0    Dex: 13    Spells: 10/10 levels left

rFire   . . .        o - +5 hand axe (spect)
rCold   + + .        (no shield)
rNeg    + . .        d - +1 scale mail {rC+}
rPois   ∞            h - +0 helmet
rElec   +            A - +0 cloak
rCorr   .            e - +1 pair of gloves
SInv    +            (no boots)
Will    ++...        (no amulet)
Stlth   +            j - ring of protection from cold
HPRegen 1.32/turn    v - ring of see invisible
MPRegen 0.12/turn

%: no passive effects
@: strong-willed, on berserk cooldown, regenerating, slowed, very slow
A: sickness immunity, AC +8, negative energy resistance 1, electricity
resistance, torment resistance 1, petrification resistance
a: Renounce Religion, Berserk, Trog's Hand, Brothers in Arms


You were on level 1 of the Lair of Beasts.
You worshipped Trog.
Trog was greatly pleased with you.
You visited 2 branches of the dungeon, and saw 11 of its levels.
You also visited: Ossuary.

You collected 469 gold pieces.
You spent 445 gold pieces at shops.

Inventory:

Hand Weapons
 a - a +1 hand axe
 o - a +5 spectral hand axe (weapon)
 x - a +1 spear of flaming
Missiles
 b - 22 poisoned darts (quivered)
Armour
 d - a +1 scale mail of cold resistance (worn)
 e - a +1 pair of gloves (worn)
 h - a +0 helmet (worn)
 A - a +0 cloak (worn)
Jewellery
 j - a ring of protection from cold (left hand)
 q - a ring of willpower
 v - a ring of see invisible (right hand)
Wands
 D - a wand of paralysis (7)
 F - a wand of iceblast (13)
 G - a wand of flame (4)
Scrolls
 i - 2 scrolls of identify
 k - a scroll of fog
 l - 2 scrolls of poison
 m - 3 scrolls of teleportation
 n - a scroll of fear
 r - a scroll of blinking
 C - a scroll of enchant armour
 H - 2 scrolls of torment
Potions
 c - a potion of mutation
 f - a potion of brilliance
 g - 2 potions of berserk rage
 p - 3 potions of curing
 s - a potion of invisibility
 u - 2 potions of might {unknown}
 w - a potion of cancellation {unknown}
 z - a potion of resistance {unknown}
 B - 3 potions of enlightenment {unknown}


   Skills:
 + Level 9.6 Fighting
 + Level 12.3 Axes
 + Level 0.8 Throwing
 + Level 9.7 Armour
 + Level 2.4 Dodging
 + Level 3.0 Stealth


You had 10 spell levels left.
You didn't know any spells.
Your spell library was empty.

Dungeon Overview and Level Annotations

Branches:
Dungeon (10/15)            Temple (0/1) D:6            Lair (1/5) D:10
Ossuary (visited)
    Orc: D:9-12

Altars:
Hepliaklqana
Nemelex Xobeh
Trog
Uskayaw
Yredelemnul
Zin

Shops:
D:2 *   D:5 ?   D:7 :   D:10 ([(*


Innate Abilities, Weirdness & Mutations

You are immune to sickness and miasma.
Your stone body is resilient. (AC +8)
You are immune to poison.
You resist negative energy. (rN+)
You are resistant to electric shocks. (rElec)
You are resistant to unholy torment.
You are immune to petrification.


Message History

You feel your anger nearly subside.
You are no longer berserk.
You are exhausted.
You feel yourself slow down.
You start resting.
You feel the effects of Trog's Hand fading.
A cane toad comes into view.
A cane toad is nearby!
A cane toad is nearby!
The cane toad croaks.
Your skin stops crawling.
You feel less strong-willed.
You see here a yak corpse.
You see here a yak corpse.
You see here a yak corpse.
Your skin crawls.
You feel strong-willed.
You hit the cane toad but do no damage.
Your +5 spectral hand axe hits the cane toad but does no damage.
The cane toad stings you.
You hit the cane toad but do no damage.
Your +5 spectral hand axe completely misses the cane toad.
The cane toad stings you!
You hit the cane toad but do no damage.
Your +5 spectral hand axe hits the cane toad.
The cane toad stings you but does no damage.
You completely miss the cane toad.
The cane toad is lightly wounded.
Your +5 spectral hand axe hits the cane toad but does no damage.
The cane toad stings you!
* * * LOW HITPOINT WARNING * * *
The cane toad barely misses you.
You slash the cane toad!
The cane toad is moderately wounded.
Your +5 spectral hand axe hits the cane toad.
The cane toad stings you!
* * * LOW HITPOINT WARNING * * *
You closely miss the cane toad.
The cane toad is moderately wounded.
Your +5 spectral hand axe hits the cane toad.
The cane toad stings you!
You die...

#...#. .....# #...#.
.....+ #...#.#.P.#.#.
#.............
#.............
#..................
#..................
#.....@..........#
#.....F..........######
#....#(.####.....##....
#....#.+###.......+....
#... #....+......#.....
#... +............+....
#.. #....##.....##....
#.. #....##...........
#+#+.##.....###+..


You could see a cane toad and a friendly +5 spectral hand axe.

Vanquished Creatures
  2 two-headed ogres (D:9)
  Joseph (D:9)
  A black mamba (Lair:1)
  A gargoyle (D:10)
  2 cane toads (Lair:1)
  An unseen horror (D:10)
  2 komodo dragons (Lair:1)
  Prince Ribbit (D:6)
  Grinder (D:5)
  2 wyverns
  12 yaks
  A steam dragon (Lair:1)
  Grum (D:9)
  A basilisk (D:10)
  2 acid dragons
  3 water moccasins
  4 black bears
  3 orc warriors
  7 wolves
  An ogre (D:5)
  4 centaurs
  2 bullfrogs (D:8)
  A kobold brigand (D:7)
  2 gnoll sergeants (D:10)
  3 scorpions
  5 wights (D:8)
  3 killer bees (D:9)
  6 howler monkeys
  2 jellies
  5 hounds
  6 orc priests
  Crazy Yiuf (D:6)
  A gnoll bouda (D:9)
  A sleepcap (D:4)
  4 iguanas
  6 orc wizards
  5 mummies (Ossuary)
  Robin (D:2)
  12 gnolls
  10 adders
  A shadow imp (D:6)
  2 white imps
  3 ufetubi
  3 worms
  3 dart slugs
  24 orcs
  9 ball pythons
  6 endoplasms
  5 giant cockroaches
  10 goblins
  17 hobgoblins
  7 jackals
  15 kobolds
  5 quokkas
  10 bats
  5 frilled lizards
  4 hobgoblin zombies (Ossuary)
  6 rats
  2 rat zombies (D:4)
266 creatures vanquished.

Notes
Turn   | Place    | Note
-------+----------+-------------------------------------------
     0 | D:1      | Gargoyl the Gargoyle Berserker began the quest for the Orb.
     0 | D:1      | Reached XP level 1. HP: 14/14 MP: 1/1
   104 | D:1      | Reached XP level 2. HP: 19/19 MP: 2/2
   105 | D:1      | Reached skill level 3 in Axes
   404 | D:1      | Reached XP level 3. HP: 23/23 MP: 3/3
   852 | D:2      | Reached ** piety under Trog
   940 | D:2      | Noticed Robin
   970 | D:2      | Killed Robin
   971 | D:2      | Reached XP level 4. HP: 26/29 MP: 4/4
  1042 | D:2      | Found Zuixt's Assorted Antiques.
  1050 | D:2      | Bought a pair of gloves for 76 gold pieces
  1253 | D:2      | Reached skill level 4 in Axes
  1860 | D:3      | Reached XP level 5. HP: 33/33 MP: 5/5
  2087 | D:3      | Reached *** piety under Trog
  2570 | D:3      | Found a faded altar of an unknown god.
  2678 | D:4      | Reached XP level 6. HP: 29/38 MP: 6/6
  2745 | D:4      | Reached skill level 5 in Axes
  2885 | D:4      | Found a sparkling altar of Nemelex Xobeh.
  2980 | D:4      | Found a sand-covered staircase.
  3002 | Ossuary  | Entered an ossuary
  3202 | D:4      | Reached XP level 7. HP: 29/44 MP: 7/7
  3349 | D:5      | Entered Level 5 of the Dungeon
  3440 | D:5      | Reached skill level 6 in Axes
  3446 | D:5      | Reached skill level 5 in Fighting
  3566 | D:5      | Reached XP level 8. HP: 28/49 MP: 8/8
  3660 | D:5      | Noticed Grinder
  3673 | D:5      | Killed Grinder
  3674 | D:5      | Reached skill level 7 in Axes
  3779 | D:5      | Found Hyonerph's Magic Scroll Emporium.
  3782 | D:5      | Bought a scroll of teleportation for 39 gold pieces
  3782 | D:5      | Bought a scroll of teleportation for 39 gold pieces
  4130 | D:5      | Bought a scroll of brand weapon for 123 gold pieces
  4218 | D:6      | Reached **** piety under Trog
  4219 | D:6      | Reached skill level 8 in Axes
  4227 | D:6      | Reached skill level 5 in Armour
  4327 | D:6      | Found a staircase to the Ecumenical Temple.
  4367 | D:6      | Noticed Prince Ribbit
  4387 | D:6      | Killed Prince Ribbit
  4388 | D:6      | Reached XP level 9. HP: 45/55 MP: 9/9
  4518 | D:6      | Found a runed translucent door.
  4519 | D:6      | Noticed Crazy Yiuf
  4744 | D:6      | Killed Crazy Yiuf
  4807 | D:7      | Found Hepiul's Book Shoppe.
  4980 | D:7      | Reached skill level 9 in Axes
  5198 | D:7      | Reached skill level 1 in Stealth
  6119 | D:9      | Noticed Joseph
  6126 | D:9      | Killed Joseph
  6127 | D:9      | Reached skill level 10 in Axes
  6127 | D:9      | Reached XP level 10. HP: 63/63 MP: 10/10
  6494 | D:9      | Noticed a two-headed ogre
  6502 | D:9      | Killed a two-headed ogre
  6578 | D:9      | Noticed a two-headed ogre
  6588 | D:9      | Killed a two-headed ogre
  6900 | D:9      | Noticed Grum
  6909 | D:9      | Killed Grum
  6911 | D:9      | Reached skill level 11 in Axes
  7221 | D:10     | Entered Level 10 of the Dungeon
  7221 | D:10     | Found Totsob's Weapon Emporium.
  7221 | D:10     | Found a hazy altar of Hepliaklqana.
  7229 | D:10     | Noticed a two-headed ogre
  7235 | D:10     | Noticed a two-headed ogre
  7568 | D:10     | Noticed a gargoyle
  7574 | D:10     | Reached XP level 11. HP: 69/69 MP: 11/11
  7805 | D:10     | Found Nedovaap's Assorted Antiques.
  7863 | D:10     | Found Elog's Antique Armour Boutique.
  7866 | D:10     | Found Ybus's Weapon Shoppe.
  7871 | D:10     | Bought a shiny scale mail for 168 gold pieces
  8094 | D:10     | Found a hide-covered altar of Uskayaw.
  8097 | D:10     | Found a glowing silver altar of Zin.
  8105 | D:10     | Found a basalt altar of Yredelemnul.
  8137 | D:10     | Found a staircase to the Lair.
  8182 | D:10     | Found a bloodstained altar of Trog.
  8236 | Lair:1   | Entered Level 1 of the Lair of Beasts
  8437 | Lair:1   | Reached skill level 12 in Axes
  8601 | Lair:1   | Slain by a cane toad

Illustrated notes

Levels and vault maps discovered:
D:1:      dpeg_arrival_simpleton_a, layout_basic, minmay_box_of_dots
D:2:      minmay_angry_zag, layout_loops_cross, serial_shops, shop,
          minmay_mini_jars, uniq_robin
D:3:      layout_loops_cross, shapermc_ecumenical_altar_hornbeckon,
          chequers_decorated_corner, grunt_ministairs_12,
          corexii_leaking_fountain, kennysheep_potato
D:4:      layout_cave_pools, enter_ossuary_4, kennysheep_small_circle
D:5:      layout_loops_ring, serial_shops, nicolae_shop_behind_doors,
          uniq_grinder
D:6:      layout_cave_pools, minmay_temple_entry_proselytizer,
          uniq_prince_ribbit1, uniq_crazy_yiuf_cottage
D:7:      layout_gridville, serial_shops, shop_statue
D:8:      layout_cave_pools, st_stairs_7
D:9:      layout_layer_cave, minivault_26, uniq_grum, uniq_joseph
D:10:     layout_big_octagon, nicolae_overflow_macrodata_refinement,
          nicolae_hepliaklqana_hazy_memory, minmay_lair_entry_grove,
          serial_shops, nicolae_shop_trees, shop, nicolae_shop_trees, shop,
          chequers_serial_rivers_micro_b, patterned_corridor
Lair:1:   layout_regular_city

Skill      XL: |  1  2  3  4  5  6  7  8  9 10 11 |
---------------+----------------------------------+-----
Axes           | 3 4 5 6 8 10 11 12 | 12.3
Armour         | 3 4 5 7 8 9 |  9.7
Fighting       | 4 5 6 7 8 9 |  9.6
Dodging        | 2 |  2.4
Stealth        | 2 3 |  3.0
Throwing       | |  0.8

Action                     |  1- 3 |  4- 6 |  7- 9 | 10-12 || total
---------------------------+-------+-------+-------+-------++-------
  Melee: Hand axe          |   143 |   206 |   183 |   165 ||   697
         Punch             |       |     1 |     5 |       ||     6
  Throw: Dart              |       |       |     3 |       ||     3
 Invoke: Berserk           |     1 |     1 |     9 |     6 ||    17
         Trog's Hand       |     1 |       |     5 |     5 ||    11
    Use: Scroll            |       |    13 |     5 |     7 ||    25
         Potion            |       |       |       |     1 ||     1
   Stab: Distracted        |       |       |     2 |       ||     2
 Armour: Animal skin       |    23 |       |       |       ||    23
         Chain mail        |    95 |   144 |       |       ||   239
         Plate armour      |       |    77 |   213 |   103 ||   393
         Scale mail        |       |       |       |    72 ||    72
  Dodge: Dodged            |    88 |   118 |    80 |    71 ||   357

Table legend: (Time is in decaauts)
 A = Elapsed time spent in this place.
 B = Non-inter-level travel time spent in this place.
 C = Inter-level travel time spent in this place.
 D = Time resting spent in this place.
 E = Time spent auto-exploring this place.
 F = Levels seen in this place.
 G = Mean time per level.
                   A        B        C        D        E       F      G
               +--------+--------+--------+--------+--------+-----+--------+
         Total |   8807 |   8419 |    388 |    399 |   5690 |  12 |  733.9 |
       Dungeon |   8344 |   7957 |    387 |    370 |   5444 |  10 |  834.4 |
          Lair |    355 |    355 |      0 |     15 |    246 |   1 |  355.0 |
       Ossuary |    107 |    107 |      0 |     14 |      0 |   1 |  107.0 |
               +--------+--------+--------+--------+--------+-----+--------+

Top non-repeatable levels by time:
     D:9: 1487 daAuts
     D:2: 1066 daAuts
     D:5: 890 daAuts
     D:7: 811 daAuts
     D:3: 811 daAuts
     D:1: 793 daAuts
     D:4: 675 daAuts
    D:10: 671 daAuts
     D:6: 616 daAuts
     D:8: 520 daAuts
  Lair:1: 355 daAuts
 Ossuary: 107 daAuts
